Bears vs Checkers

Created - Wednesday, October 29, 2014 at 21:51

Goals
1 2 3 OT1 SO T
Bears 0 1 0 0 0 1
Checkers 0 0 1 0 1 2
Shots
1 2 3 OT1 SO T
Bears 11 8 15 2 3 36
Checkers 6 13 10 3 2 32

1st period

No Goal

Penalties :
Tom Sestito (CHA) for Hooking (Minor) at 0:25, Matt Pelech (CHA) for Fighting (Major) at 8:00, David Dziurzynski (Her) for Fighting (Major) at 8:00, Matt Pelech (CHA) for instigated a fight (Minor) at 8:00, Matt Pelech (CHA) for instigated a fight (10 Minutes Misconduct) at 8:00, Tom Sestito (CHA) for Hooking (Minor) at 9:19, Cody Bass (CHA) for Fighting (Major) at 12:13, Erick Lizon (Her) for Fighting (Major) at 12:13

2nd period

1. Bears , Brad Mills 1 (Kevin Henderson, Brett Clark) at 19:19

Penalties :
Andrew Campbell (CHA) for Fighting (Major) at 1:08, David Dziurzynski (Her) for Fighting (Major) at 1:08, Cody Bass (CHA) for Fighting (Major) at 4:37, Erick Lizon (Her) for Fighting (Major) at 4:37, Tom Sestito (CHA) for Cross-checking (Minor) at 8:08, Cody Bass (CHA) for Tripping (Minor) at 14:42

3rd period

2. Checkers , Tom Sestito 2 (Nick Crawford) at 7:21 (SH)

Penalties :
J.T. Wyman (CHA) for Fighting (Major) at 0:55, Eric Neilson (Her) for Fighting (Major) at 0:55, Tom Sestito (CHA) for Fighting (Major) at 1:20, Kevin Henderson (Her) for Fighting (Major) at 1:20, Brian McGrattan (CHA) for Fighting (Major) at 3:14, Shawn O'Donnell (Her) for Fighting (Major) at 3:14, Matt Pelech (CHA) for Fighting (Major) at 5:53, David Dziurzynski (Her) for Fighting (Major / Game Misconduct) at 5:53, Matt Pelech (CHA) for instigated a fight (Minor) at 5:53, Matt Pelech (CHA) for instigated a fight (10 Minutes Misconduct) at 5:53, Erick Lizon (Her) for Holding (Minor) at 14:18

Overtime #1

No Goal

Penalties :
No Penalty

Shootout

Penalty Shot by Patrice Cormier for Bears - Stopped by Drew MacIntyre
Penalty Shot by Jim O'Brien for Checkers - Goal!
Penalty Shot by Maxime Macenauer for Bears - Shot Misses the Net
Penalty Shot by Brian McGrattan for Checkers - Shot Misses the Net
Penalty Shot by Kevin Henderson for Bears - Stopped by Drew MacIntyre

Penalties :
No Penalty

Goalie Stats

John Gibson (Her), 31 saves from 32 shots - (0.969), OTL, 3-0-5, 65:00 minutes
Drew MacIntyre (CHA), 35 saves from 36 shots - (0.972), W, 6-4-2, 65:00 minutes

Players Stats for Bears

Player Name              G  A  P  +/- PIM S  H  SB GA TA FO     MP     PP MP  PK MP  
------------------------------------------------------------------------------------
Ben Youds                0  0  0   0  0   0  1  0  1  1  0/0    10:31   0:00   0:00 
Brad Mills               1  0  1   0  0   7  0  0  4  2  0/2    21:47   4:24   0:00 
Brett Clark              0  1  1   0  0   9  0  2  0  3  0/0    26:15   6:16   1:11 
Chris Bruton             0  0  0   0  0   0  1  0  0  0  3/3    10:00   0:00   0:51 
David Dziurzynski        0  0  0   0  25  2  1  0  4  2  0/0    11:57   3:12   0:00 
Eric Neilson             0  0  0   0  5   1  0  0  0  0  0/1    12:05   0:19   0:00 
Erick Lizon              0  0  0   0  12  0  1  1  0  1  0/0    15:56   5:22   0:00 
Farm Player17            0  0  0   1  0   0  0  0  0  0  0/1    11:36   1:14   0:57 
Harry Young              0  0  0   1  0   0  0  0  0  0  0/0     5:25   0:00   0:00 
Kevin Henderson          0  1  1   0  5   0  2  1  1  0  0/1    20:38   3:56   0:00 
Mark Cundari             0  0  0   0  0   0  1  0  1  0  0/0    10:31   0:00   0:00 
Mark Flood               0  0  0  -1  0   3  2  1  3  0  0/0    22:49   4:58   0:48 
Matt Taormina            0  0  0  -1  0   4  0  2  2  3  0/0    22:49   4:58   0:48 
Maxime Macenauer         0  0  0   0  0   0  1  1  0  0  4/12   23:52   6:09   0:53 
Patrice Cormier          0  0  0   0  0   1  1  0  0  0  10/23  27:21   4:04   1:17 
Shawn O'Donnell          0  0  0   0  5   2  0  0  3  0  0/2    17:16   1:43   0:00 
Stefan Elliott           0  0  0   0  0   6  3  1  1  0  0/0    26:15   6:16   1:11 
Tyler Brown              0  0  0   0  0   1  0  1  1  0  3/9    20:49   3:19   0:00 

Players Stats for Checkers

Player Name              G  A  P  +/- PIM S  H  SB GA TA FO     MP     PP MP  PK MP  
------------------------------------------------------------------------------------
Adam Brace               0  0  0   0  0   2  1  0  3  0  0/0    16:08   0:46   0:09 
Andrew Campbell          0  0  0   0  5   1  3  7  1  1  0/0    27:38   0:50   5:33 
Andrew Clark             0  0  0   0  0   1  1  1  3  0  3/5    17:02   0:00   3:36 
Blake Parlett            0  0  0   0  0   2  1  1  0  4  0/0    29:25   0:50   5:33 
Brian McGrattan          0  0  0   0  5   2  3  0  1  1  2/2    20:06   1:13   5:55 
Cody Bass                0  0  0  -1  12  5  2  0  0  0  1/1    12:47   0:00   0:04 
Corey Locke              0  0  0   0  0   2  1  0  3  1  4/10   18:10   0:46   2:23 
J.T. Wyman               0  0  0   0  5   3  3  0  2  0  1/2    13:34   0:46   0:10 
Jim O'Brien              0  0  0   1  0   2  1  0  5  2  19/29  24:07   1:13   8:12 
Jordan Kremyr            0  0  0  -1  0   0  0  0  1  0  0/0     9:28   0:00   0:00 
Joshua Shalla            0  0  0   0  0   1  2  0  2  0  0/0     8:57   0:00   0:00 
Julien Brouillette       0  0  0   0  0   2  0  0  3  0  0/0    24:07   1:09   5:41 
Matt Pelech              0  0  0   0  34  1  0  0  0  0  0/0     5:09   0:00   0:00 
Mike Cornell             0  0  0   0  0   0  0  0  0  0  0/0    17:02   0:00   0:00 
Nick Crawford            0  1  1   0  0   3  2  0  1  0  0/0    26:36   1:09   5:41 
Sean Backman             0  0  0   0  0   2  2  0  0  0  1/1    13:32   0:00   0:00 
Taylor Matson            0  0  0  -1  0   0  2  2  0  0  3/3     9:28   0:00   0:00 
Tom Sestito              1  0  1   1  11  3  5  2  2  2  0/1    14:59   1:13   1:39 

3 Stars

1 - Drew MacIntyre (CHA)
2 - John Gibson (Her)
3 - Brad Mills (Her)

Power Play

Bears - 0 on 6 Attempt(s) - 0.00%
Checkers - 0 on 1 Attempt(s) - 0.00%

Penalty Kill

Bears - 1 on 1 Attempt(s) - 100.00% - Score 0 goal in Penalty Kill
Checkers - 6 on 6 Attempt(s) - 100.00% - Score 1 goal in Penalty Kill

Official

Referees : Unknown
Linesman : Unknown

Game Notes

Matt Pelech beats up David Dziurzynski at 8:00 of 1st period
Cody Bass and Erick Lizon fight to a draw at 12:13 of 1st period
Andrew Campbell and David Dziurzynski fight to a draw at 1:08 of 2nd period
Erick Lizon beats up Cody Bass at 4:37 of 2nd period
J.T. Wyman beats up Eric Neilson at 0:55 of 3rd period
Tom Sestito beats up Kevin Henderson at 1:20 of 3rd period
Shawn O'Donnell beats up Brian McGrattan at 3:14 of 3rd period
Matt Pelech and David Dziurzynski fight to a draw at 5:53 of 3rd period
David Dziurzynski ejected from game at 5:53 of 3rd period

Finance

Level 1 -- Attendance: 1383 (69.15%) -- Ticket Income $44,256
Level 2 -- Attendance: 762 (76.20%) -- Ticket Income $9,144
Total Attendance: 2145 (71.50%)
Total Ticket Income: $53,400
Other Income: $26,166
Total Income: $79,566

Bears

5 vs 5 Forward 
   Center                   Left Wing                Right Wing               Time % Phy DF OF 
 1 Patrice Cormier          Kevin Henderson          Brad Mills               35     1   2  2  
 2 Maxime Macenauer         David Dziurzynski        Erick Lizon              30     1   2  2  
 3 Tyler Brown              Shawn O'Donnell          Eric Neilson             22     1   2  2  
 4 Chris Bruton             Patrice Cormier          Maxime Macenauer         13     1   2  2  

5 vs 5 Defense 
   Defense                  Defense                                           Time % Phy DF OF 
 1 Brett Clark              Stefan Elliott                                    35     1   2  2  
 2 Mark Flood               Matt Taormina                                     30     1   2  2  
 3 Mark Cundari             Ben Youds                                         22     1   2  2  
 4 Harry Young              Farm Player17                                     13     1   2  2  

PowerPlay Forward 
   Center                   Left Wing                Right Wing               Time % Phy DF OF 
 1 Patrice Cormier          Kevin Henderson          Brad Mills               60     1   2  2  
 2 Maxime Macenauer         David Dziurzynski        Erick Lizon              40     1   2  2  

PowerPlay Defense
   Defense                  Defense                                           Time % Phy DF OF 
 1 Brett Clark              Stefan Elliott                                    60     1   2  2  
 2 Mark Flood               Matt Taormina                                     40     1   2  2  

Penalty Kill 4 Players Forward 
   Center                   Wing                     Time % Phy DF OF 
 1 Patrice Cormier          Maxime Macenauer         60     1   2  2  
 2 Kevin Henderson          David Dziurzynski        40     1   2  2  

Penalty Kill 4 Players Defense
   Defense                  Defense                  Time % Phy DF OF 
 1 Brett Clark              Stefan Elliott           60     1   2  2  
 2 Mark Flood               Matt Taormina            40     1   2  2  

Penalty Kill - 3 Players Forward 
   Forward                                           Time % Phy DF OF 
 1 Patrice Cormier                                   60     1   2  2  
 2 Maxime Macenauer                                  40     1   2  2  

Penalty Kill - 3 Players Defense
   Defense                  Defense                  Time % Phy DF OF 
 1 Brett Clark              Stefan Elliott           60     1   2  2  
 2 Mark Flood               Matt Taormina            40     1   2  2  

4 vs 4 Forward 
   Center                   Wing                     Time % Phy DF OF 
 1 Patrice Cormier          Maxime Macenauer         60     1   2  2  
 2 Kevin Henderson          David Dziurzynski        40     1   2  2  

4 vs 4 Defense
   Defense                  Defense                  Time % Phy DF OF 
 1 Brett Clark              Stefan Elliott           60     1   2  2  
 2 Mark Flood               Matt Taormina            40     1   2  2  

Last Minutes Offensive
   Center                   Left Wing                Right Wing               Defense                  Defense                  
   Patrice Cormier          Kevin Henderson          Brad Mills               Brett Clark              Stefan Elliott           

Last Minutes Defensive
   Center                   Left Wing                Right Wing               Defense                  Defense                  
   Patrice Cormier          Kevin Henderson          Brad Mills               Brett Clark              Stefan Elliott           

Goaltenders
Starting : John Gibson              
Backup : Cristopher Nilstorp      

Extra Forwards
Normal : Tyler Brown, Shawn O'Donnell, Chris Bruton - PP : Tyler Brown, Shawn O'Donnell - PK : Chris Bruton
Extra Defensemen
Normal : Mark Cundari, Ben Youds, Harry Young - PP : Mark Cundari - PK : Ben Youds, Harry Young
Penalty Shots
Patrice Cormier, Maxime Macenauer, Kevin Henderson, David Dziurzynski, Tyler Brown

Checkers

5 vs 5 Forward 
   Center                   Left Wing                Right Wing               Time % Phy DF OF 
 1 Jim O'Brien              Tom Sestito              Brian McGrattan          35     1   2  2  
 2 Corey Locke              Adam Brace               J.T. Wyman               30     1   2  2  
 3 Andrew Clark             Joshua Shalla            Sean Backman             22     1   2  2  
 4 Taylor Matson            Jordan Kremyr            Cody Bass                13     1   2  2  

5 vs 5 Defense 
   Defense                  Defense                                           Time % Phy DF OF 
 1 Blake Parlett            Andrew Campbell                                   35     1   2  2  
 2 Nick Crawford            Julien Brouillette                                30     1   2  2  
 3 Mike Cornell             Matt Pelech                                       22     1   2  2  
 4 Blake Parlett            Andrew Campbell                                   13     1   2  2  

PowerPlay Forward 
   Center                   Left Wing                Right Wing               Time % Phy DF OF 
 1 Jim O'Brien              Tom Sestito              Brian McGrattan          60     1   2  2  
 2 Corey Locke              Adam Brace               J.T. Wyman               40     1   2  2  

PowerPlay Defense
   Defense                  Defense                                           Time % Phy DF OF 
 1 Blake Parlett            Andrew Campbell                                   60     1   2  2  
 2 Nick Crawford            Julien Brouillette                                40     1   2  2  

Penalty Kill 4 Players Forward 
   Center                   Wing                     Time % Phy DF OF 
 1 Jim O'Brien              Brian McGrattan          60     1   2  2  
 2 Tom Sestito              Corey Locke              40     1   2  2  

Penalty Kill 4 Players Defense
   Defense                  Defense                  Time % Phy DF OF 
 1 Blake Parlett            Andrew Campbell          60     1   2  2  
 2 Nick Crawford            Julien Brouillette       40     1   2  2  

Penalty Kill - 3 Players Forward 
   Forward                                           Time % Phy DF OF 
 1 Jim O'Brien                                       60     1   2  2  
 2 Brian McGrattan                                   40     1   2  2  

Penalty Kill - 3 Players Defense
   Defense                  Defense                  Time % Phy DF OF 
 1 Blake Parlett            Andrew Campbell          60     1   2  2  
 2 Nick Crawford            Julien Brouillette       40     1   2  2  

4 vs 4 Forward 
   Center                   Wing                     Time % Phy DF OF 
 1 Jim O'Brien              Brian McGrattan          60     1   2  2  
 2 Tom Sestito              Corey Locke              40     1   2  2  

4 vs 4 Defense
   Defense                  Defense                  Time % Phy DF OF 
 1 Blake Parlett            Andrew Campbell          60     1   2  2  
 2 Nick Crawford            Julien Brouillette       40     1   2  2  

Last Minutes Offensive
   Center                   Left Wing                Right Wing               Defense                  Defense                  
   Jim O'Brien              Tom Sestito              Brian McGrattan          Blake Parlett            Andrew Campbell          

Last Minutes Defensive
   Center                   Left Wing                Right Wing               Defense                  Defense                  
   Jim O'Brien              Tom Sestito              Brian McGrattan          Blake Parlett            Andrew Campbell          

Goaltenders
Starting : Drew MacIntyre           
Backup : Nathan Lawson            

Extra Forwards
Normal : Sean Backman, Cody Bass, Andrew Clark - PP : Sean Backman, Cody Bass - PK : Andrew Clark
Extra Defensemen
Normal : Mike Cornell, Matt Pelech, Nick Crawford - PP : Mike Cornell - PK : Matt Pelech, Nick Crawford
Penalty Shots
Jim O'Brien, Brian McGrattan, Tom Sestito, Corey Locke, J.T. Wyman

% Time on Ice - Bears

Lines # - Real PCT - Wanted PCT - Time Play
Normal Forward
1 - 37% - 35% - 17:26
2 - 30% - 30% - 14:15
3 - 27% - 22% - 12:39
4 - 5% - 13% - 2:27
Normal Defense
1 - 35% - 35% - 16:26
2 - 31% - 30% - 14:25
3 - 22% - 22% - 10:31
4 - 12% - 13% - 5:25
PP Forward
1 - 39% - 60% - 4:24
2 - 61% - 40% - 6:50
PP Defense
1 - 56% - 60% - 6:16
2 - 44% - 40% - 4:58
PK Forward
1 - 100% - 60% - 1:59
2 - 0% - 40% - 0:00
PK Defense
1 - 60% - 60% - 1:11
2 - 40% - 40% - 0:48
PK3 Forward
1 - 0% - 60%
2 - 0% - 40%
PK3 Defense
1 - 0% - 60%
2 - 0% - 40%
44 Forward
1 - 79% - 60% - 3:58
2 - 21% - 40% - 1:02
44 Defense
1 - 47% - 60% - 2:22
2 - 53% - 40% - 2:38
Last Minute Offensive  - 0:00
Last Minute Defensive  - 0:00
Total
Forward - 65:00
Defense - 65:00

% Time on Ice - Checkers

Lines # - Real PCT - Wanted PCT - Time Play
Normal Forward
1 - 29% - 35% - 13:38
2 - 31% - 30% - 14:44
3 - 19% - 22% - 8:57
4 - 20% - 13% - 9:28
Normal Defense
1 - 33% - 35% - 15:18
2 - 31% - 30% - 14:22
3 - 30% - 22% - 13:52
4 - 7% - 13% - 3:15
PP Forward
1 - 61% - 60% - 1:13
2 - 39% - 40% - 0:46
PP Defense
1 - 42% - 60% - 0:50
2 - 58% - 40% - 1:09
PK Forward
1 - 77% - 60% - 8:11
2 - 23% - 40% - 2:23
PK Defense
1 - 48% - 60% - 5:03
2 - 52% - 40% - 5:31
PK3 Forward
1 - 100% - 60% - 0:40
2 - 0% - 40% - 0:00
PK3 Defense
1 - 75% - 60% - 0:30
2 - 25% - 40% - 0:10
44 Forward
1 - 94% - 60% - 4:43
2 - 6% - 40% - 0:17
44 Defense
1 - 57% - 60% - 2:50
2 - 43% - 40% - 2:10
Last Minute Offensive  - 0:00
Last Minute Defensive  - 0:00
Total
Forward - 65:00
Defense - 65:00

Play by Play

1st period


0:01 of 1st period - Jim O'Brien wins face-off versus Brad Mills in neutral zone.
0:04 of 1st period - Brett Clark is hit by Jim O'Brien and loses puck.
0:16 of 1st period - Slapshot by Stefan Elliott.
0:16 of 1st period - Stopped by Drew MacIntyre with a rebound.
0:18 of 1st period - Wrist shot by Brett Clark.
0:18 of 1st period - Stopped by Drew MacIntyre with a rebound.
0:20 of 1st period - Slapshot by Brett Clark.
0:20 of 1st period - Deflect By Blake Parlett.
0:20 of 1st period - Stopped by Drew MacIntyre with a rebound.
0:25 of 1st period - Minor Penalty to Tom Sestito for Hooking.
0:26 of 1st period - Jim O'Brien wins face-off versus Maxime Macenauer in Checkers zone.
0:36 of 1st period - Brian McGrattan is hit by Stefan Elliott and loses puck.
0:45 of 1st period - Snap shot by David Dziurzynski.
0:45 of 1st period - Stopped by Drew MacIntyre with a rebound.
0:53 of 1st period - Snap shot by Brett Clark.
0:53 of 1st period - Stopped by Drew MacIntyre with a rebound.
0:55 of 1st period - Slapshot by Brett Clark.
0:55 of 1st period - Stopped by Drew MacIntyre without a rebound.
0:56 of 1st period - Andrew Clark wins face-off versus Patrice Cormier in Checkers zone.
1:27 of 1st period - Snap shot by Mark Flood.
1:27 of 1st period - Shot Misses the Net.
2:03 of 1st period - Off-side.
2:04 of 1st period - Brian McGrattan wins face-off versus Patrice Cormier in neutral zone.
2:15 of 1st period - Blake Parlett is hit by Stefan Elliott and loses puck.
2:25 of 1st period - Penalty to Tom Sestito is over, Tom Sestito is back on ice.
2:38 of 1st period - Snap shot by Brett Clark.
2:38 of 1st period - Shot Blocked by Andrew Campbell.
2:40 of 1st period - Snap shot by Tyler Brown.
2:40 of 1st period - Shot Blocked by Andrew Campbell.
2:42 of 1st period - Wrist shot by Shawn O'Donnell.
2:42 of 1st period - Shot Blocked by Tom Sestito.
4:14 of 1st period - Kevin Henderson is hit by Andrew Clark and loses puck.
4:57 of 1st period - Wrist shot by Cody Bass.
4:57 of 1st period - Shot Misses the Net.
4:59 of 1st period - Slapshot by Nick Crawford.
4:59 of 1st period - Deflect By Cody Bass.
4:59 of 1st period - Stopped by John Gibson with a rebound.
5:23 of 1st period - Slapshot by Julien Brouillette.
5:23 of 1st period - Stopped by John Gibson without a rebound.
5:24 of 1st period - Corey Locke wins face-off versus Patrice Cormier in Bears zone.
5:31 of 1st period - Snap shot by Adam Brace.
5:31 of 1st period - Stopped by John Gibson with a rebound.
6:15 of 1st period - Kevin Henderson is hit by Cody Bass and loses puck.
6:44 of 1st period - Nick Crawford is hit by Mark Flood and loses puck.
7:15 of 1st period - Brad Mills is hit by Joshua Shalla and loses puck.
8:00 of 1st period - Matt Pelech beats up David Dziurzynski.
8:00 of 1st period - Penalty to Matt Pelech for Fighting.
8:00 of 1st period - Penalty to David Dziurzynski for Fighting.
8:00 of 1st period - Penalty to Matt Pelech for instigated a fight.
8:00 of 1st period - Penalty to Matt Pelech for instigated a fight.
8:01 of 1st period - Jim O'Brien wins face-off versus Maxime Macenauer in neutral zone.
8:24 of 1st period - Slapshot by Stefan Elliott.
8:24 of 1st period - Stopped by Drew MacIntyre with a rebound.
8:48 of 1st period - Snap shot by Jim O'Brien.
8:48 of 1st period - Shot Blocked by Erick Lizon.
8:50 of 1st period - Snap shot by Andrew Campbell.
8:50 of 1st period - Stopped by John Gibson with a rebound.
8:52 of 1st period - Snap shot by Jim O'Brien.
8:52 of 1st period - Shot Blocked by Brett Clark.
9:19 of 1st period - Minor Penalty to Tom Sestito for Hooking.
9:20 of 1st period - Jim O'Brien wins face-off versus Maxime Macenauer in Checkers zone.
9:58 of 1st period - Slapshot by Mark Flood.
9:58 of 1st period - Stopped by Drew MacIntyre without a rebound.
9:59 of 1st period - Jim O'Brien wins face-off versus Tyler Brown in Checkers zone.
10:00 of 1st period - Penalty to Matt Pelech is over, Andrew Clark is send on ice.
11:07 of 1st period - Matt Taormina is hit by Brian McGrattan and loses puck.
11:19 of 1st period - Penalty to Tom Sestito is over, Tom Sestito is back on ice.
11:26 of 1st period - Slapshot by Stefan Elliott.
11:26 of 1st period - Shot Misses the Net.
12:13 of 1st period - Cody Bass and Erick Lizon fight to a draw.
12:13 of 1st period - Penalty to Cody Bass for Fighting.
12:13 of 1st period - Penalty to Erick Lizon for Fighting.
12:14 of 1st period - J.T. Wyman wins face-off versus Maxime Macenauer in Bears zone.
12:51 of 1st period - Slapshot by Nick Crawford.
12:51 of 1st period - Shot Misses the Net.
13:21 of 1st period - Backhand shot by Jordan Kremyr.
13:21 of 1st period - Shot Misses the Net.
13:27 of 1st period - Slapshot by Stefan Elliott.
13:27 of 1st period - Shot Blocked by Taylor Matson.
13:39 of 1st period - Snap shot by Brad Mills.
13:39 of 1st period - Stopped by Drew MacIntyre with a rebound.
13:41 of 1st period - Snap shot by Stefan Elliott.
13:41 of 1st period - Stopped by Drew MacIntyre without a rebound.
13:42 of 1st period - Patrice Cormier wins face-off versus Jim O'Brien in Checkers zone.
13:45 of 1st period - Slapshot by Mark Cundari.
13:45 of 1st period - Shot Misses the Net.
14:10 of 1st period - Snap shot by David Dziurzynski.
14:10 of 1st period - Shot Misses the Net.
17:01 of 1st period - Slapshot by Brad Mills.
17:01 of 1st period - Stopped by Drew MacIntyre with a rebound.
17:03 of 1st period - Slapshot by Brett Clark.
17:03 of 1st period - Shot Blocked by Taylor Matson.
18:52 of 1st period - Blake Parlett is hit by Mark Cundari and loses puck.
19:45 of 1st period - Snap shot by Cody Bass.
19:45 of 1st period - Stopped by John Gibson with a rebound.
19:47 of 1st period - Slapshot by Blake Parlett.
19:47 of 1st period - Stopped by John Gibson without a rebound.
19:48 of 1st period - Taylor Matson wins face-off versus Patrice Cormier in Bears zone.
Goals for this period are 0 for Bears vs 0 for Checkers.
Shots for this period are 11 for Bears vs 6 for Checkers.

2nd period


0:01 of 2nd period - Jim O'Brien wins face-off versus Patrice Cormier in neutral zone.
0:52 of 2nd period - Snap shot by Adam Brace.
0:52 of 2nd period - Stopped by John Gibson without a rebound.
0:53 of 2nd period - Maxime Macenauer wins face-off versus J.T. Wyman in Bears zone.
0:58 of 2nd period - Wrist shot by J.T. Wyman.
0:58 of 2nd period - Stopped by John Gibson with a rebound.
1:08 of 2nd period - Andrew Campbell and David Dziurzynski fight to a draw.
1:08 of 2nd period - Penalty to Andrew Campbell for Fighting.
1:08 of 2nd period - Penalty to David Dziurzynski for Fighting.
1:09 of 2nd period - Jim O'Brien wins face-off versus Patrice Cormier in Bears zone.
1:10 of 2nd period - Snap shot by Tom Sestito.
1:10 of 2nd period - Deflect By Brian McGrattan.
1:10 of 2nd period - Shot Misses the Net.
1:10 of 2nd period - Puck is out of play.
1:11 of 2nd period - Patrice Cormier wins face-off versus Jim O'Brien in Bears zone.
1:40 of 2nd period - Stefan Elliott is hit by Tom Sestito and loses puck.
2:15 of 2nd period - Slapshot by Matt Taormina.
2:15 of 2nd period - Shot Misses the Net.
2:27 of 2nd period - Matt Taormina is hit by Sean Backman and loses puck.
3:00 of 2nd period - 10 Minutes Misconduct Penalty to Matt Pelech is over.
3:20 of 2nd period - Snap shot by Patrice Cormier.
3:20 of 2nd period - Stopped by Drew MacIntyre with a rebound.
3:22 of 2nd period - Snap shot by Maxime Macenauer.
3:22 of 2nd period - Shot Misses the Net.
3:58 of 2nd period - Nick Crawford is hit by Patrice Cormier and loses puck.
4:16 of 2nd period - Snap shot by Cody Bass.
4:16 of 2nd period - Stopped by John Gibson with a rebound.
4:37 of 2nd period - Erick Lizon beats up Cody Bass.
4:37 of 2nd period - Penalty to Cody Bass for Fighting.
4:37 of 2nd period - Penalty to Erick Lizon for Fighting.
4:38 of 2nd period - Jim O'Brien wins face-off versus Tyler Brown in Checkers zone.
4:43 of 2nd period - Slapshot by Brian McGrattan.
4:43 of 2nd period - Stopped by John Gibson without a rebound.
4:44 of 2nd period - Jim O'Brien wins face-off versus Tyler Brown in Bears zone.
4:59 of 2nd period - Slapshot by Matt Taormina.
4:59 of 2nd period - Stopped by Drew MacIntyre without a rebound.
5:00 of 2nd period - Andrew Clark wins face-off versus Shawn O'Donnell in Checkers zone.
5:05 of 2nd period - Stefan Elliott is hit by Joshua Shalla and loses puck.
5:30 of 2nd period - Wrist shot by Joshua Shalla.
5:30 of 2nd period - Shot Misses the Net.
5:32 of 2nd period - Snap shot by Joshua Shalla.
5:32 of 2nd period - Stopped by John Gibson without a rebound.
5:33 of 2nd period - Jim O'Brien wins face-off versus Patrice Cormier in Bears zone.
5:34 of 2nd period - Slapshot by Tom Sestito.
5:34 of 2nd period - Shot Misses the Net.
6:29 of 2nd period - Maxime Macenauer is hit by Nick Crawford and loses puck.
6:50 of 2nd period - David Dziurzynski is hit by J.T. Wyman and loses puck.
6:57 of 2nd period - J.T. Wyman is hit by David Dziurzynski and loses puck.
7:44 of 2nd period - Icing by Mike Cornell.
7:45 of 2nd period - Tyler Brown wins face-off versus Andrew Clark in Checkers zone.
7:46 of 2nd period - Slapshot by Matt Taormina.
7:46 of 2nd period - Shot Misses the Net.
8:08 of 2nd period - Minor Penalty to Tom Sestito for Cross-checking.
8:09 of 2nd period - Patrice Cormier wins face-off versus Jim O'Brien in Checkers zone.
8:16 of 2nd period - Backhand shot by Brad Mills.
8:16 of 2nd period - Stopped by Drew MacIntyre with a rebound.
8:18 of 2nd period - Slapshot by Stefan Elliott.
8:18 of 2nd period - Stopped by Drew MacIntyre with a rebound.
8:32 of 2nd period - Brad Mills is hit by Brian McGrattan and loses puck.
8:58 of 2nd period - Andrew Campbell is hit by Maxime Macenauer and loses puck.
9:19 of 2nd period - Mark Flood is hit by Brian McGrattan and loses puck.
9:37 of 2nd period - Penalty to Cody Bass is over, Cody Bass is back on ice.
9:40 of 2nd period - Snap shot by Brad Mills.
9:40 of 2nd period - Stopped by Drew MacIntyre without a rebound.
9:41 of 2nd period - Patrice Cormier wins face-off versus Corey Locke in Checkers zone.
10:08 of 2nd period - Penalty to Tom Sestito is over, Tom Sestito is back on ice.
10:36 of 2nd period - Snap shot by Shawn O'Donnell.
10:36 of 2nd period - Deflect By Eric Neilson.
10:36 of 2nd period - Shot Misses the Net.
10:36 of 2nd period - Puck is out of play.
10:37 of 2nd period - Taylor Matson wins face-off versus Eric Neilson in Checkers zone.
11:09 of 2nd period - Wrist shot by Brad Mills.
11:09 of 2nd period - Stopped by Drew MacIntyre with a rebound.
11:11 of 2nd period - Snap shot by Patrice Cormier.
11:11 of 2nd period - Shot Misses the Net.
11:13 of 2nd period - Snap shot by Brad Mills.
11:13 of 2nd period - Stopped by Drew MacIntyre with a rebound.
11:15 of 2nd period - Slapshot by Stefan Elliott.
11:15 of 2nd period - Deflect By Brad Mills.
11:15 of 2nd period - Shot Misses the Net.
11:15 of 2nd period - Puck is out of play.
11:16 of 2nd period - Corey Locke wins face-off versus Brad Mills in Checkers zone.
11:26 of 2nd period - Slapshot by J.T. Wyman.
11:26 of 2nd period - Shot Misses the Net.
11:34 of 2nd period - Snap shot by Adam Brace.
11:34 of 2nd period - Shot Misses the Net.
11:36 of 2nd period - Snap shot by Corey Locke.
11:36 of 2nd period - Stopped by John Gibson with a rebound.
11:40 of 2nd period - Snap shot by J.T. Wyman.
11:40 of 2nd period - Shot Misses the Net.
11:59 of 2nd period - Off-side.
12:00 of 2nd period - Andrew Clark wins face-off versus Maxime Macenauer in neutral zone.
12:15 of 2nd period - Wrist shot by Andrew Clark.
12:15 of 2nd period - Shot Misses the Net.
12:23 of 2nd period - Snap shot by Andrew Clark.
12:23 of 2nd period - Stopped by John Gibson without a rebound.
12:24 of 2nd period - Jim O'Brien wins face-off versus Shawn O'Donnell in Bears zone.
12:25 of 2nd period - Wrist shot by Tom Sestito.
12:25 of 2nd period - Stopped by John Gibson with a rebound.
12:27 of 2nd period - Slapshot by Blake Parlett.
12:27 of 2nd period - Shot Misses the Net.
12:29 of 2nd period - Backhand shot by Andrew Campbell.
12:29 of 2nd period - Deflect By Tom Sestito.
12:29 of 2nd period - Stopped by John Gibson without a rebound.
12:30 of 2nd period - Brian McGrattan wins face-off versus Tyler Brown in Bears zone.
12:47 of 2nd period - Snap shot by Jim O'Brien.
12:47 of 2nd period - Shot Misses the Net.
12:49 of 2nd period - Slapshot by Blake Parlett.
12:49 of 2nd period - Deflect By Stefan Elliott.
12:49 of 2nd period - Stopped by John Gibson with a rebound.
12:51 of 2nd period - Snap shot by Blake Parlett.
12:51 of 2nd period - Shot Misses the Net.
12:53 of 2nd period - Wrist shot by Tom Sestito.
12:53 of 2nd period - Shot Misses the Net.
12:55 of 2nd period - Snap shot by Brian McGrattan.
12:55 of 2nd period - Stopped by John Gibson with a rebound.
13:47 of 2nd period - Corey Locke is hit by Ben Youds and loses puck.
14:11 of 2nd period - Matt Taormina is hit by Sean Backman and loses puck.
14:30 of 2nd period - Wrist shot by Sean Backman.
14:30 of 2nd period - Shot Misses the Net.
14:42 of 2nd period - Minor Penalty to Cody Bass for Tripping.
14:43 of 2nd period - Jim O'Brien wins face-off versus Maxime Macenauer in Checkers zone.
14:54 of 2nd period - Wrist shot by Jim O'Brien.
14:54 of 2nd period - Shot Blocked by Brett Clark.
16:16 of 2nd period - Kevin Henderson is hit by Blake Parlett and loses puck.
16:42 of 2nd period - Penalty to Cody Bass is over, Cody Bass is back on ice.
17:02 of 2nd period - Tyler Brown is hit by Tom Sestito and loses puck.
17:23 of 2nd period - Slapshot by J.T. Wyman.
17:23 of 2nd period - Stopped by John Gibson with a rebound.
17:25 of 2nd period - Slapshot by Matt Pelech.
17:25 of 2nd period - Deflect By Mark Cundari.
17:25 of 2nd period - Stopped by John Gibson with a rebound.
18:01 of 2nd period - Icing by Ben Youds.
18:02 of 2nd period - Chris Bruton wins face-off versus Andrew Clark in Bears zone.
18:56 of 2nd period - Snap shot by Matt Taormina.
18:56 of 2nd period - Shot Misses the Net.
19:19 of 2nd period - Snap shot by Brad Mills.
19:19 of 2nd period - Goal by Brad Mills - Bears : 1 - Checkers : 0.
19:20 of 2nd period - Corey Locke wins face-off versus Patrice Cormier in neutral zone.
Goals for this period are 1 for Bears vs 0 for Checkers.
Shots for this period are 8 for Bears vs 13 for Checkers.

3rd period


0:01 of 3rd period - Chris Bruton wins face-off versus Jim O'Brien in neutral zone.
0:46 of 3rd period - Snap shot by Shawn O'Donnell.
0:46 of 3rd period - Shot Misses the Net.
0:48 of 3rd period - Slapshot by Mark Flood.
0:48 of 3rd period - Shot Blocked by Andrew Campbell.
0:50 of 3rd period - Snap shot by Tyler Brown.
0:50 of 3rd period - Deflect By Eric Neilson.
0:50 of 3rd period - Stopped by Drew MacIntyre with a rebound.
0:52 of 3rd period - Slapshot by Shawn O'Donnell.
0:52 of 3rd period - Stopped by Drew MacIntyre with a rebound.
0:54 of 3rd period - Slapshot by Brett Clark.
0:54 of 3rd period - Stopped by Drew MacIntyre without a rebound.
0:55 of 3rd period - Tyler Brown wins face-off versus Corey Locke in Checkers zone.
0:55 of 3rd period - J.T. Wyman beats up Eric Neilson.
0:55 of 3rd period - Penalty to J.T. Wyman for Fighting.
0:55 of 3rd period - Penalty to Eric Neilson for Fighting.
0:56 of 3rd period - Patrice Cormier wins face-off versus Tom Sestito in Checkers zone.
1:15 of 3rd period - Wrist shot by Tom Sestito.
1:15 of 3rd period - Deflect By Jim O'Brien.
1:15 of 3rd period - Stopped by John Gibson without a rebound.
1:16 of 3rd period - Jim O'Brien wins face-off versus Patrice Cormier in Bears zone.
1:20 of 3rd period - Tom Sestito beats up Kevin Henderson.
1:20 of 3rd period - Penalty to Tom Sestito for Fighting.
1:20 of 3rd period - Penalty to Kevin Henderson for Fighting.
1:21 of 3rd period - Patrice Cormier wins face-off versus Jim O'Brien in Bears zone.
1:48 of 3rd period - Snap shot by Brad Mills.
1:48 of 3rd period - Deflect By Patrice Cormier.
1:48 of 3rd period - Shot Blocked by Andrew Campbell.
1:48 of 3rd period - Puck is out of play.
1:49 of 3rd period - Maxime Macenauer wins face-off versus Corey Locke in Checkers zone.
2:02 of 3rd period - Snap shot by David Dziurzynski.
2:02 of 3rd period - Stopped by Drew MacIntyre with a rebound.
2:16 of 3rd period - Slapshot by Julien Brouillette.
2:16 of 3rd period - Stopped by John Gibson with a rebound.
2:50 of 3rd period - Blake Parlett is hit by Chris Bruton and loses puck.
3:14 of 3rd period - Shawn O'Donnell beats up Brian McGrattan.
3:14 of 3rd period - Penalty to Brian McGrattan for Fighting.
3:14 of 3rd period - Penalty to Shawn O'Donnell for Fighting.
3:15 of 3rd period - Jim O'Brien wins face-off versus Patrice Cormier in Bears zone.
3:26 of 3rd period - Snap shot by Cody Bass.
3:26 of 3rd period - Stopped by John Gibson without a rebound.
3:27 of 3rd period - Patrice Cormier wins face-off versus Jim O'Brien in Bears zone.
3:41 of 3rd period - Snap shot by Jim O'Brien.
3:41 of 3rd period - Shot Blocked by Tyler Brown.
3:43 of 3rd period - Wrist shot by Jim O'Brien.
3:43 of 3rd period - Stopped by John Gibson without a rebound.
3:44 of 3rd period - Maxime Macenauer wins face-off versus Corey Locke in Bears zone.
3:56 of 3rd period - Snap shot by Corey Locke.
3:56 of 3rd period - Stopped by John Gibson with a rebound.
4:40 of 3rd period - Stefan Elliott is hit by Cody Bass and loses puck.
4:53 of 3rd period - Blake Parlett is hit by Stefan Elliott and loses puck.
5:06 of 3rd period - Slapshot by Stefan Elliott.
5:06 of 3rd period - Shot Blocked by Andrew Campbell.
5:08 of 3rd period - Slapshot by Brett Clark.
5:08 of 3rd period - Stopped by Drew MacIntyre with a rebound.
5:12 of 3rd period - Slapshot by Stefan Elliott.
5:12 of 3rd period - Stopped by Drew MacIntyre with a rebound.
5:14 of 3rd period - Slapshot by Stefan Elliott.
5:14 of 3rd period - Stopped by Drew MacIntyre without a rebound.
5:15 of 3rd period - Tyler Brown wins face-off versus Corey Locke in Checkers zone.
5:53 of 3rd period - Matt Pelech and David Dziurzynski fight to a draw.
5:53 of 3rd period - Penalty to Matt Pelech for Fighting.
5:53 of 3rd period - Penalty to David Dziurzynski for Fighting.
5:53 of 3rd period - David Dziurzynski is ejected from game.
5:53 of 3rd period - Penalty to Matt Pelech for instigated a fight.
5:53 of 3rd period - Penalty to Matt Pelech for instigated a fight.
5:54 of 3rd period - Jim O'Brien wins face-off versus Farm Player17 in Bears zone.
5:55 of 3rd period - Penalty to J.T. Wyman is over, J.T. Wyman is back on ice.
6:20 of 3rd period - Penalty to Tom Sestito is over, Tom Sestito is back on ice.
6:43 of 3rd period - Snap shot by Brett Clark.
6:43 of 3rd period - Stopped by Drew MacIntyre without a rebound.
6:44 of 3rd period - Maxime Macenauer wins face-off versus Jim O'Brien in Checkers zone.
6:47 of 3rd period - Wrist shot by Matt Taormina.
6:47 of 3rd period - Deflect By Jim O'Brien.
6:47 of 3rd period - Stopped by Drew MacIntyre with a rebound.
6:59 of 3rd period - Slapshot by Mark Flood.
6:59 of 3rd period - Shot Blocked by Tom Sestito.
7:01 of 3rd period - Slapshot by Matt Taormina.
7:01 of 3rd period - Stopped by Drew MacIntyre with a rebound.
7:21 of 3rd period - Snap shot by Tom Sestito.
7:21 of 3rd period - Goal by Tom Sestito - Bears : 1 - Checkers : 1.
7:22 of 3rd period - Jim O'Brien wins face-off versus Maxime Macenauer in neutral zone.
7:27 of 3rd period - Jim O'Brien is hit by Erick Lizon and loses puck.
7:53 of 3rd period - Penalty to Matt Pelech is over, Cody Bass is send on ice.
8:13 of 3rd period - Andrew Campbell is hit by Kevin Henderson and loses puck.
8:39 of 3rd period - Backhand shot by Matt Taormina.
8:39 of 3rd period - Shot Blocked by Blake Parlett.
8:41 of 3rd period - Slapshot by Matt Taormina.
8:41 of 3rd period - Stopped by Drew MacIntyre without a rebound.
8:42 of 3rd period - Corey Locke wins face-off versus Maxime Macenauer in Checkers zone.
9:04 of 3rd period - Slapshot by Nick Crawford.
9:04 of 3rd period - Stopped by John Gibson without a rebound.
9:05 of 3rd period - Cody Bass wins face-off versus Patrice Cormier in Bears zone.
9:22 of 3rd period - Snap shot by Taylor Matson.
9:22 of 3rd period - Shot Blocked by Kevin Henderson.
9:24 of 3rd period - Wrist shot by Taylor Matson.
9:24 of 3rd period - Shot Misses the Net.
9:52 of 3rd period - Matt Taormina is hit by Adam Brace and loses puck.
10:06 of 3rd period - Wrist shot by Brett Clark.
10:06 of 3rd period - Stopped by Drew MacIntyre with a rebound.
10:18 of 3rd period - Slapshot by Brett Clark.
10:18 of 3rd period - Shot Hit the Post.
10:44 of 3rd period - Icing by Jim O'Brien.
10:45 of 3rd period - Jim O'Brien wins face-off versus Patrice Cormier in Checkers zone.
10:50 of 3rd period - Kevin Henderson is hit by Tom Sestito and loses puck.
11:34 of 3rd period - Mark Cundari is hit by Nick Crawford.
13:13 of 3rd period - Shawn O'Donnell is hit by Tom Sestito and loses puck.
13:22 of 3rd period - Slapshot by Brett Clark.
13:22 of 3rd period - Stopped by Drew MacIntyre with a rebound.
13:24 of 3rd period - Snap shot by Shawn O'Donnell.
13:24 of 3rd period - Stopped by Drew MacIntyre with a rebound.
13:26 of 3rd period - Slapshot by Mark Flood.
13:26 of 3rd period - Stopped by Drew MacIntyre without a rebound.
13:27 of 3rd period - Taylor Matson wins face-off versus Tyler Brown in Checkers zone.
13:42 of 3rd period - Chris Bruton is hit by Taylor Matson and loses puck.
13:51 of 3rd period - Snap shot by Taylor Matson.
13:51 of 3rd period - Shot Misses the Net.
13:53 of 3rd period - Snap shot by Nick Crawford.
13:53 of 3rd period - Stopped by John Gibson without a rebound.
13:54 of 3rd period - Chris Bruton wins face-off versus Corey Locke in Bears zone.
14:09 of 3rd period - Wrist shot by J.T. Wyman.
14:09 of 3rd period - Stopped by John Gibson with a rebound.
14:18 of 3rd period - Minor Penalty to Erick Lizon for Holding.
14:19 of 3rd period - Patrice Cormier wins face-off versus Jim O'Brien in Bears zone.
14:29 of 3rd period - Snap shot by Tom Sestito.
14:29 of 3rd period - Shot Blocked by Maxime Macenauer.
14:31 of 3rd period - Slapshot by Nick Crawford.
14:31 of 3rd period - Stopped by John Gibson without a rebound.
14:32 of 3rd period - Jim O'Brien wins face-off versus Patrice Cormier in Bears zone.
15:27 of 3rd period - Farm Player17 is hit by J.T. Wyman.
15:35 of 3rd period - Wrist shot by Adam Brace.
15:35 of 3rd period - Shot Blocked by Matt Taormina.
15:49 of 3rd period - Mark Flood is hit by Andrew Campbell and loses puck.
16:04 of 3rd period - Farm Player17 is hit by Tom Sestito and loses puck.
16:18 of 3rd period - Penalty to Erick Lizon is over, Erick Lizon is back on ice.
17:09 of 3rd period - Wrist shot by Brad Mills.
17:09 of 3rd period - Shot Misses the Net.
17:33 of 3rd period - Snap shot by Matt Taormina.
17:33 of 3rd period - Shot Misses the Net.
18:03 of 3rd period - Snap shot by Brad Mills.
18:03 of 3rd period - Shot Misses the Net.
18:15 of 3rd period - Slapshot by Brett Clark.
18:15 of 3rd period - Shot Misses the Net.
18:23 of 3rd period - Erick Lizon is hit by Andrew Campbell and loses puck.
18:48 of 3rd period - Mark Flood is hit by Corey Locke and loses puck.
18:55 of 3rd period - Stefan Elliott is hit by J.T. Wyman and loses puck.
19:49 of 3rd period - Matt Taormina is hit by Taylor Matson and loses puck.
Goals for this period are 0 for Bears vs 1 for Checkers.
Shots for this period are 15 for Bears vs 10 for Checkers.

Overtime #1


0:01 of 1st overtime period - Patrice Cormier wins face-off versus Jim O'Brien in neutral zone.
0:35 of 1st overtime period - Wrist shot by Jim O'Brien.
0:35 of 1st overtime period - Shot Blocked by Stefan Elliott.
0:53 of 1st overtime period - 10 Minutes Misconduct Penalty to Matt Pelech is over.
1:08 of 1st overtime period - Backhand shot by Mark Flood.
1:08 of 1st overtime period - Stopped by Drew MacIntyre without a rebound.
1:09 of 1st overtime period - Patrice Cormier wins face-off versus Jim O'Brien in Checkers zone.
1:42 of 1st overtime period - Slapshot by Cody Bass.
1:42 of 1st overtime period - Stopped by John Gibson with a rebound.
1:44 of 1st overtime period - Slapshot by Julien Brouillette.
1:44 of 1st overtime period - Shot Blocked by Mark Flood.
1:46 of 1st overtime period - Slapshot by Cody Bass.
1:46 of 1st overtime period - Shot Misses the Net.
1:48 of 1st overtime period - Snap shot by Nick Crawford.
1:48 of 1st overtime period - Deflect By Sean Backman.
1:48 of 1st overtime period - Stopped by John Gibson with a rebound.
1:50 of 1st overtime period - Snap shot by Sean Backman.
1:50 of 1st overtime period - Shot Blocked by Matt Taormina.
1:52 of 1st overtime period - Wrist shot by Sean Backman.
1:52 of 1st overtime period - Stopped by John Gibson without a rebound.
1:53 of 1st overtime period - Jim O'Brien wins face-off versus Tyler Brown in Bears zone.
3:02 of 1st overtime period - Cody Bass is hit by Mark Flood and loses puck.
3:53 of 1st overtime period - Slapshot by Mark Flood.
3:53 of 1st overtime period - Shot Blocked by Andrew Campbell.
3:55 of 1st overtime period - Backhand shot by Tyler Brown.
3:55 of 1st overtime period - Stopped by Drew MacIntyre with a rebound.
3:57 of 1st overtime period - Slapshot by Mark Flood.
3:57 of 1st overtime period - Shot Blocked by Andrew Clark.
3:59 of 1st overtime period - Snap shot by Mark Flood.
3:59 of 1st overtime period - Deflect By Kevin Henderson.
3:59 of 1st overtime period - Shot Blocked by Andrew Campbell.
3:59 of 1st overtime period - Puck is out of play.
4:00 of 1st overtime period - Sean Backman wins face-off versus Kevin Henderson in Checkers zone.
4:29 of 1st overtime period - Jim O'Brien is hit by Kevin Henderson and loses puck.
4:49 of 1st overtime period - Brett Clark is hit by Andrew Campbell and loses puck.
Goals for this period are 0 for Bears vs 0 for Checkers.
Shots for this period are 2 for Bears vs 3 for Checkers.

ShootOut


5:00 of 1st overtime period - Penalty Shot by Patrice Cormier for Bears.
5:00 of 1st overtime period - Snap shot by Patrice Cormier.
5:00 of 1st overtime period - Stopped by Drew MacIntyre.
5:00 of 1st overtime period - Penalty Shot by Jim O'Brien for Checkers.
5:00 of 1st overtime period - Backhand shot by Jim O'Brien.
5:00 of 1st overtime period - Goal by Jim O'Brien.
5:00 of 1st overtime period - Penalty Shot by Maxime Macenauer for Bears.
5:00 of 1st overtime period - Backhand shot by Maxime Macenauer.
5:00 of 1st overtime period - Shot Misses the Net.
5:00 of 1st overtime period - Penalty Shot by Brian McGrattan for Checkers.
5:00 of 1st overtime period - Backhand shot by Brian McGrattan.
5:00 of 1st overtime period - Shot Misses the Net.
5:00 of 1st overtime period - Penalty Shot by Kevin Henderson for Bears.
5:00 of 1st overtime period - Deke by Kevin Henderson.
5:00 of 1st overtime period - Stopped by Drew MacIntyre.


Output by the SimonT Hockey Simulator (STHS) for Eric Dolegowski -- Original Page W3C XHTML 1.0 Valid
Hockey Simulator - Hockey Simulation - Hockey Manager